 Dungeon Crawl Stone Soup version 0.32-a0-656-g3542139ebd (webtiles) character file.

Game seed: 15752715653925867347

1617458 petercordia the Evocator (level 27, 231/231 HPs)
             Began as a Coglin Hunter on Mar 6, 2024.
             Was the Champion of Okawaru.
             Escaped with the Orb
             ... and 3 runes on Mar 8, 2024!
             The game lasted 04:16:29 (79669 turns).

petercordia the Evocator (Coglin Hunter)           Turns: 79669, Time: 04:16:30

Health: 231/231    AC: 30    Str: 16    XL:     27
Magic:  11/11      EV: 36    Int:  8    God:    Okawaru [******]
Gold:   1194       SH:  0    Dex: 31    Spells: 29/31 levels left

rFire   + . .        a - +2 hand cannon of Ravage {drain, rF+ Stlth+}
rCold   . . .        b - +9 hand cannon (antimagic) {Minoru}
rNeg    . . .        y - +6 acid dragon scales
rPois   +            (helmet restricted)
rElec   .            D - +3 cloak "Nit Zise" {rPois Slay+3}
rCorr   +            S - +2 pair of gloves {Dex+3}
SInv    .            d - +2 pair of boots of the Mertaur {^Drain +Inv Fly rPois}
Will    +++..        (amulet unavailable)
Stlth   +++          (ring unavailable)
HPRegen 0.58/turn    (ring unavailable)
MPRegen 0.12/turn    L - recursive ramjet {AutoDazzle, Will+ Slay+3}

%: no passive effects
@: flying, studying Armour, revving
A: off-hand wielding, slow wielding, warmup strikes, no jewellery, horns 1,
iridescent scales 1, inability to drink after injury 1
0: Orb of Zot
}: 3/15 runes: serpentine, barnacled, silver
a: Renounce Religion, Evoke Invisibility, Heroism, Finesse, Duel


You escaped.
You worshipped Okawaru.
Okawaru was exalted by your worship.
You visited 11 branches of the dungeon, and saw 51 of its levels.
You visited 3 bazaars.
You also visited: Sewer, Ossuary, Bailey, Gauntlet and Ice Cave.

You collected 9141 gold pieces.
You spent 7947 gold pieces at shops.

Inventory:

Hand Weapons
 a - the +2 hand cannon of Ravage (weapon) {drain, rF+ Stlth+}
   (You found it on level 14 of the Dungeon)

   rF+:       It protects you from fire.
   Stlth+:    It makes you more stealthy.
 b - a +9 antimagic hand cannon (offhand) {Minoru}
Missiles
 i - 51 poisoned darts
 z - 62 atropa-tipped darts
 G - 4 throwing nets
 K - 10 darts of dispersal
 O - 15 curare-tipped darts
 U - 24 silver javelins
 X - 11 datura-tipped darts
Armour
 c - the +2 robe of Dice, Bag, and Bottle {rC+ Will+ rCorr}
   (You found it on level 9 of the Dungeon)

   rC+:       It protects you from cold.
   Will+:     It increases your willpower.
   rCorr:     It protects you from acid and corrosion.
 d - the +2 pair of boots of the Mertaur (worn) {^Drain +Inv Fly rPois}
   (Okawaru gifted it to you on level 3 of the Lair of Beasts)

   rPois:     It protects you from poison.
   +Inv:      It lets you turn invisible.
   Fly:       It grants you flight.
   ^Drain:    It drains your maximum health when unequipped.
 g - the quicksilver dragon scales of the King of the Hill {rF+ rN+ Will+ Str+4 Dex-5}
   (You found it on level 3 of the Elven Halls)

   Str+4:     It affects your strength (+4).
   Dex-5:     It affects your dexterity (-5).
   rF+:       It protects you from fire.
   rN+:       It protects you from negative energy.
   Will+:     It increases your willpower.
 j - a +2 helmet of intelligence
 y - +6 acid dragon scales (worn)
 B - the +4 robe "Humuohohoy" {+Inv SInv}
   (You took it off Boris on level 2 of the Crypt)

   SInv:      It lets you see invisible.
   +Inv:      It lets you turn invisible.
 D - the +3 cloak "Nit Zise" (worn) {rPois Slay+3}
   (You acquired it on level 5 of the Vaults)

   Slay+3:    It affects your accuracy & damage with ranged weapons and melee
   (+3).
   rPois:     It protects you from poison.
 Q - the +2 hat of Kiggiu Yfej {Fly rN+ Str-5}
   (You found it in a Gauntlet)

   Str-5:     It affects your strength (-5).
   rN+:       It protects you from negative energy.
   Fly:       It grants you flight.
 S - a +2 pair of gloves of dexterity (worn)
 W - the +1 robe "Erygio" {+Blink Will++ Dex-3 Archmagi}
   (You found it on level 2 of the Orcish Mines)

   Dex-3:     It affects your dexterity (-3).
   Will++:    It greatly increases your willpower.
   +Blink:    It lets you blink.
   Archmagi:  It increases the power of your magical spells.
 Z - the +1 cloak of Focus {rElec Str+2}
   (You acquired it on level 1 of the Shoals)

   Str+2:     It affects your strength (+2).
   rElec:     It insulates you from electricity.
Gizmo
 L - a recursive ramjet (installed) {AutoDazzle, Will+ Slay+3}
   (You invented it yourself on level 5 of the Lair of Beasts)

   [recursive ramjet]

   AutoDazzle: It sometimes fires a blinding ray at enemies whose attacks you
   dodge.
   Slay+3:    It affects your accuracy & damage with ranged weapons and melee
   (+3).
   Will+:     It increases your willpower.
Wands
 p - a wand of mindburst (44)
 E - a wand of polymorph (23)
 I - a wand of flame (98)
 N - a wand of warping (54)
 R - a wand of digging (13)
 T - a wand of light (51)
Scrolls
 m - 13 scrolls of fog
 q - 6 scrolls of poison
 r - 8 scrolls of revelation
 s - 31 scrolls of teleportation
 t - 15 scrolls of vulnerability
 u - 10 scrolls of immolation
 A - 8 scrolls of fear
 J - 6 scrolls of silence
 P - 4 scrolls of blinking
 V - 17 scrolls of noise
Potions
 e - 38 potions of curing
 f - 11 potions of haste
 h - 7 potions of magic
 k - 6 potions of ambrosia
 l - 16 potions of heal wounds
 n - 14 potions of brilliance
 o - 11 potions of cancellation
 v - 5 potions of attraction
 w - 13 potions of enlightenment
 x - 6 potions of invisibility
 C - 11 potions of mutation
 H - 6 potions of berserk rage
 M - 9 potions of resistance
Miscellaneous
 F - a phial of floods
 Y - a lightning rod (4/4)


   Skills:
 - Level 22.0 Fighting
 - Level 20.0 Ranged Weapons
 + Level 16.7 Armour
 - Level 22.0 Dodging
 + Level 15.9 Stealth
 - Level 2.8 Spellcasting
 - Level 3.7 Translocations
 + Level 17.4 Invocations
 * Level 26.6 Evocations


You had 29 spell levels left.
You knew the following spells:

 Your Spells              Type           Power      Damage    Failure   Level
b - Blink                 Tloc           14%        N/A       13%         2

Your spell library contained the following spells:

 Spells                   Type           Power      Damage    Failure   Level
 Apportation              Tloc           14%        N/A       9%          1
 Lesser Beckoning         Tloc           14%        N/A       13%         2
 Momentum Strike          Conj/Tloc      8%         3d8       28%         2
 Kiss of Death            Conj/Necr      4%         2d5       38%         1
 Magic Dart               Conj           4%         1d3       38%         1
 Necrotise                Necr           4%         1d4       38%         1
 Sting                    Conj/Alch      4%         1d3       38%         1
 Cigotuvi's Dreadful Rot  Necr/Alch/Air  2%         N/A       52%         2
 Ensorcelled Hibernation  Hex/Ice        2%         N/A       52%         2
 Jinxbite                 Hex            2%         N/A       52%         2
 Mercury Vapours          Alch/Air       2%         N/A       52%         2
 Searing Ray              Conj           2%         2d4       52%         2
 Static Discharge         Conj/Air       2%         3-4/arc   52%         2
 Sublimation of Blood     Necr           1%         N/A       52%         2
 Manifold Assault         Tloc           7%         N/A       65%         4
 Confusing Touch          Hex            1%         N/A       77%         3
 Fugue of the Fallen      Necr           1%         N/A       77%         3
 Hailstorm                Conj/Ice       1%         3d5       77%         3
 Inner Flame              Hex/Fire       1%         N/A       77%         3
 Mephitic Cloud           Conj/Alch/Air  1%         N/A       77%         3
 Passwall                 Erth           1%         N/A       77%         3
 Stone Arrow              Conj/Erth      2%         3d7       77%         3
 Swiftness                Air            1%         N/A       77%         3
 Vampiric Draining        Necr           1%         2d6       77%         3
 Anguish                  Hex/Necr       0%         N/A       99%         4
 Brom's Barrelling Bould  Conj/Erth      1%         2d3       99%         4
 Cause Fear               Hex            0%         N/A       99%         4
 Dispel Undead            Necr           1%         3d6       99%         4
 Flame Wave               Conj/Fire      1%         2d4       99%         4
 Fulminant Prism          Conj/Alch      0%         3d5       99%         4
 Ignite Poison            Fire/Alch      1%         N/A       99%         4
 Olgreb's Toxic Radiance  Alch           1%         N/A       99%         4
 Petrify                  Alch/Erth      1%         N/A       99%         4
 Sticky Flame             Fire/Alch      1%         2d4       99%         4
 Borgnjor's Vile Clutch   Necr/Erth      0%         N/A       100%        5
 Curse of Agony           Necr           1%         N/A       100%        5
 Fireball                 Conj/Fire      0%         3d3       100%        5
 Freezing Cloud           Conj/Ice/Air   0%         6-21      100%        5
 Irradiate                Conj/Alch      0%         3d11      100%        5
 Iskenderun's Battlesphe  Conj           1%         2d6       100%        5
 Lee's Rapid Deconstruct  Erth           0%         3d4*      100%        5
 Yara's Violent Unravell  Hex/Alch       0%         3d3       100%        5
 Bombard                  Conj/Erth      0%         9d1       100%        6
 Conjure Ball Lightning   Conj/Air       0%         3x3d6     100%        6
 Dispersal                Tloc           3%         N/A       100%        6
 Eringya's Noxious Bog    Alch           0%         4d6       100%        6
 Plasma Beam              Fire/Air       0%         2x1d10    100%        6
 Starburst                Conj/Fire      0%         6d3       100%        6
 Enfeeble                 Hex            0%         N/A       100%        7
 Orb of Destruction       Conj           0%         9d5       100%        7
 Discord                  Hex            0%         N/A       100%        8
 Disjunction              Tloc           3%         N/A       100%        8
 Ignition                 Fire           0%         3d3       100%        8
 Lehudib's Crystal Spear  Conj/Erth      0%         10d2      100%        8
 Chain Lightning          Conj/Air       0%         2d1       100%        9
 Fire Storm               Conj/Fire      0%         6d1       100%        9
 Shatter                  Erth           0%         3d5*      100%        9
 Summon Small Mammal      Summ           Unusable   N/A       N/A         1
 Call Imp                 Summ           Unusable   N/A       N/A         2
 Call Canine Familiar     Summ           Unusable   N/A       N/A         3
 Summon Ice Beast         Ice/Summ       Unusable   N/A       N/A         3
 Animate Armour           Summ/Erth      Unusable   N/A       N/A         4
 Animate Dead             Necr           Unusable   N/A       N/A         4
 Summon Blazeheart Golem  Fire/Summ      Unusable   N/A       N/A         4
 Summon Lightning Spire   Summ/Air       Unusable   N/A       N/A         4
 Summon Forest            Summ/Tloc      Unusable   N/A       N/A         5
 Death Channel            Necr           Unusable   N/A       N/A         6
 Sculpt Simulacrum        Ice/Alch       Unusable   N/A       N/A         6
 Haunt                    Necr/Summ      Unusable   N/A       N/A         7
 Spellforged Servitor     Conj/Summ      Unusable   N/A       N/A         7
 Summon Hydra             Summ           Unusable   N/A       N/A         7
 Infestation              Necr           Unusable   N/A       N/A         8
 Dragon's Call            Summ           Unusable   N/A       N/A         9

Dungeon Overview and Level Annotations

Branches:
Dungeon (15/15)            Temple (1/1) D:4            Lair (5/5) D:8
 Shoals (4/4) Lair:3        Snake (4/4) Lair:3        Slime (0/5) Lair:4
    Orc (2/2) D:11            Elf (3/3) Orc:2        Vaults (5/5) D:13
  Crypt (3/3) Vaults:3       Tomb (0/3) Crypt:3      Depths (4/4) D:15
    Zot (5/5) Depths:4      Sewer (visited)         Ossuary (visited)
 Bailey (visited)           IceCv (visited)         Gauntlet (visited)

Altars:
Ashenzari
Cheibriados
Dithmenos
Elyvilon
Fedhas
Gozag
Hepliaklqana
Kikubaaqudgha
Makhleb
Nemelex Xobeh
Okawaru
Qazlal
Ru
Sif Muna
Trog
Uskayaw
Vehumet
Wu Jian
Xom
Yredelemnul
Zin
The Shining One
Beogh
Jiyva

Shops:
D:2 !   D:9 !   D:11 [(   Orc:2 *[**   Elf:1 (   Elf:3 !!:   Shoals:2 **
Shoals:3 (   Vaults:4 !   Vaults:5 *   Depths:1 ?

Portals:
Hell: Depths:1 Depths:2 Depths:3 Depths:4
Abyss: Lair:1 Depths:3 Depths:4
Pandemonium: Depths:2
Ziggurat: Depths:3
Trove: D:10 (give +8 demon whip)

Annotations:
D:4 Boris
D:5 morax's ghost, novice GrFi
D:9 1 runed translucent door, exclusion: 2 orange crystal statues
Lair:1 2 transporters, Coiter's ghost, journeyman SpDe
Crypt:2 1 runed translucent door, exclusion: player ghost, Gathuos's ghost, adept OpEE
Zot:1 1 runed translucent door, Beclu's ghost, legendary GnSk
Zot:3 36 runed translucent doors, exclusion: 36 doors


Innate Abilities, Weirdness & Mutations

You can wield a second weapon in your off-hand.
It takes a long time for you to wield or remove held weapons.
Your first few attacks do less damage.
You cannot equip rings or amulets.
You have a pair of small horns on your head.
You are partially covered in iridescent scales. (AC +2)
You occasionally lose the ability to drink potions when taking damage.


Message History

There is a stone staircase leading up here.
You fly upwards.
There is a stone staircase leading down here.
There is a stone staircase leading up here.
You fly upwards.
There is a stone staircase leading down here.
There is a stone staircase leading down here.
Things that are here:
2 stones; a +0 club A hell beast comes into view.
You shoot a slug. The slug hits the hell beast!
The hell beast is lightly wounded.
You shoot a slug. The slug closely misses the hell beast.
You shoot a slug. The slug misses the hell beast.
You shoot a slug. The slug hits the hell beast!
The hell beast is moderately wounded.
The hell beast bites you but does no damage.
The hell beast completely misses you.
You shoot a slug. The slug closely misses the hell beast.
You shoot a slug. The slug hits the hell beast!!!
The hell beast is severely wounded.
The hell beast barely misses you. The hell beast completely misses you.
You shoot a slug.
The slug hits the hell beast but does no damage.
The hell beast is severely wounded.
You shoot a slug. The slug hits the hell beast!
The hell beast is severely wounded.
The hell beast bites you but does no damage.
The hell beast tramples you but does no damage.
The hell beast completely misses you. x2
You shoot a slug. The slug hits the hell beast!
The hell beast is almost dead.
You shoot a slug. The slug hits the hell beast!
You kill the hell beast!
Okawaru accepts your kill.
No target in view!
Unknown command.
There is a staircase leading out of the dungeon here.
You can't go down here!
You have escaped!

#.# #.# #.# #.#
#.# #.# #.# #.#
########## #.#
###.#..#..@#
#.###..#.##...##
#..............#
###..........#.#
#..#.#..##..##
###.#...###.>#
####### ####


There were no monsters in sight!

Vanquished Creatures
  5 dread liches
  9 orbs of fire
  3 ancient liches
  Xtahua (Vaults:4)
  Sojobo (Crypt:1)
  Boris (twice) (Crypt:2 Vaults:5)
  Vv (Depths:3)
  4 Killer Klowns
  Margery (Vaults:5)
  Vashnia (Snake:2)
  3 caustic shrikes
  A curse toe (Zot:1)
  Saint Roka (Snake:2)
  16 golden dragons
  Nikola (Elf:2)
  A profane servitor (D:6)
  The ghost of Notanamesir the Fetichist, an adept CoGl of Gozag (Vaults:3)
  3 bone dragons
  3 doom hounds (Crypt:1)
  2 Tzitzimimeh (Crypt:1)
  8 electric golems
  28 Orb Guardians
  10 liches
  21 tentacled monstrosities
  Rupert (D:12)
  A Hell Sentinel (D:8)
  A walking crystal tome (Depths:3)
  12 quicksilver dragons
  Grunn (Crypt:1)
  3 deep elf master archers
  A searing wretch (Vaults:5)
  3 deep elf blademasters
  6 titans
  Asterion (Snake:2)
  13 sphinxes
  2 walking divine tomes (Depths:2)
  2 krakens (Shoals:2)
  7 ancient champions
  13 storm dragons
  A revenant (Crypt:3)
  10 death cobs
  9 shadow dragons
  Donald (Orc:2)
  A daeva (Vaults:4)
  7 nagarajas
  10 tengu reavers
  Aizul (Lair:3)
  Roxanne (Snake:2)
  An emperor scorpion (D:15)
  7 draconian monks
  5 ghost moths
  3 protean progenitors (Zot:5)
  6 draconian shifters
  15 frost giants
  7 fire giants
  6 iron dragons
  3 draconian knights
  3 deep elf sorcerers
  18 vault wardens
  A curse skull (Crypt:1)
  A caustic shrike zombie (Crypt:1)
  3 orc warlords
  Louise (Shoals:4)
  3 deep elf elementalists (Elf:3)
  5 ghouls
  2 reapers (Depths:1)
  27 ironbound preservers
  5 draconian scorchers
  2 draconian stormcallers
  An angel (Vaults:4)
  7 draconian annihilators
  2 caustic shrike skeletons (Crypt:3)
  2 spriggan defenders
  15 very ugly things
  17 stone giants
  13 green draconians
  4 formless jellyfish
  6 ironbound thunderhulks
  6 vampire knights
  12 deep elf death magi
  7 deep elf demonologists
  12 black draconians
  A putrid mouth (Crypt:1)
  8 white draconians
  A minotaur (Gauntlet)
  11 purple draconians
  6 yellow draconians
  10 dire elephants
  A lorocyproca (Depths:2)
  7 deep elf annihilators
  5 spark wasps
  A war gargoyle (Vaults:5)
  11 red draconians
  5 eidola
  Snorg (D:14)
  12 ettins
  18 jiangshi
  2 crystal guardians (Vaults:4)
  3 merfolk javelineers (Shoals:4)
  2 mummy priests (Crypt:1)
  2 entropy weavers
  4 deep elf high priests
  6 merfolk impalers
  14 yaktaur captains
  7 fire dragons
  4 great orbs of eyes
  A spriggan zombie (Crypt:2)
  34 vault guards
  A hell beast (D:1)
  Erolcha (Orc:1)
  9 hydras
  A catoblepas (D:13)
  10 ice dragons
  13 anacondas
  An alligator snapping turtle (Shoals:4)
  5 spriggan skeletons
  3 merfolk avatars
  A peacekeeper (Vaults:4)
  4 death knights
  4 merfolk aquamancers
  2 ogre magi
  5 ironbound frosthearts
  20 centaur warriors
  3 two-headed ogres
  6 boulder beetles
  24 dancing weapons
  3 spriggan air magi
  A sphinx skeleton (Crypt:1)
  2 satyrs
  10 death yaks
  3 hell hogs (Depths:1)
  14 deep troll shamans
  2 sun demons (Depths:1)
  17 naga sharpshooters
  5 shock serpents
  6 tengu warriors
  A bennu skeleton (Crypt:2)
  7 spriggan berserkers
  7 vampire magi
  11 naga warriors
  7 orc high priests
  15 deep troll earth magi
  An occultist (Depths:1)
  8 hell knights
  9 soul eaters
  A titan zombie (Crypt:1)
  2 shock serpents (shapeshifter)
  10 deep elf knights
  2 titan skeletons (Crypt:3)
  4 shadow wraiths
  A death drake (Depths:4)
  2 salamander mystics
  14 sea snakes
  A golden dragon zombie (Crypt:3)
  2 skysharks
  42 skeletal warriors
  A spark wasp zombie (Depths:2)
  A swamp dragon (Lair:5)
  A cherub (D:13)
  A goliath frog (Zot:5)
  A sea snake (shapeshifter) (Elf:2)
  A sixfirhy (Depths:2)
  A storm dragon skeleton (Crypt:3)
  A glowing orange brain (Depths:3)
  95 deep trolls
  8 flayed ghosts
  20 iron trolls
  An orb spider (shapeshifter) (Depths:3)
  6 arcanists
  20 mana vipers
  A lindwurm (shapeshifter) (Vaults:5)
  3 bunyip skeletons
  19 deep elf archers
  A swamp dragon (shapeshifter) (Depths:3)
  2 mana vipers (shapeshifter) (Vaults:5)
  4 bog bodies
  8 naga ritualists
  6 lindwurms (Vaults:1)
  11 phantasmal warriors
  27 harpies
  2 orange crystal statues (D:9)
  An anaconda skeleton (Crypt:3)
  39 deep elf pyromancers
  2 thermic dynamos (Elf:3)
  An alligator zombie (Crypt:2)
  2 lightning spires (Gauntlet)
  17 ironbound convokers
  A shadow dragon skeleton (Crypt:3)
  5 orc sorcerers
  26 deep elf zephyrmancers
  A wolf spider (Lair:5)
  18 orc knights
  A tengu skeleton (Crypt:3)
  14 fauns
  11 necromancers
  9 salamanders
  28 ugly things
  An eleionoma zombie (Crypt:2)
  A moth of wrath (shapeshifter) (Vaults:5)
  15 manticores
  An iron dragon skeleton (Crypt:2)
  12 merfolk sirens
  A meliai (D:14)
  A frost giant skeleton (Depths:2)
  5 cyclopes
  A human skeleton (Crypt:1)
  An alligator skeleton (Crypt:1)
  14 elephants
  7 guardian serpents
  41 black mambas
  23 slime creatures
  A fire giant skeleton (Depths:2)
  2 guardian serpents (shapeshifter)
  25 moths of wrath
  18 vault sentinels
  9 water nymphs
  A water nymph (shapeshifter) (Vaults:1)
  A centaur skeleton (Crypt:3)
  A death yak zombie (Crypt:2)
  15 cane toads
  17 naga magi
  2 smoke demons (Depths:1)
  A hellion (Depths:1)
  4 gargoyles
  2 red draconian zombies
  3 dire elephant skeletons (Crypt:3)
  49 yaktaurs
  A tormentor (Depths:2)
  8 rime drakes
  2 efreet
  An ice devil (Depths:4)
  2 tengu conjurers
  A guardian mummy (Zot:4)
  6 komodo dragons
  3 freezing wraiths
  A purple draconian skeleton (Crypt:3)
  A red draconian skeleton (Crypt:2)
  2 iron troll zombies
  11 wind drakes
  18 merfolk
  A minotaur skeleton (Crypt:3)
  9 hornets
  A yaktaur skeleton (Vaults:4)
  A moth of wrath zombie (Crypt:3)
  4 trolls
  2 glass eyes (shapeshifter)
  10 snapping turtles
  5 polar bears
  14 blink frogs
  A raiju (Gauntlet)
  2 death drake skeletons
  2 harpy skeletons (Crypt:3)
  4 glass eyes (Depths:3)
  An ettin zombie (Crypt:2)
  A satyr zombie (Crypt:3)
  A black mamba zombie (Crypt:1)
  A wind drake (shapeshifter) (Depths:1)
  3 shadows
  3 air elementals
  18 water elementals
  2 vampires (D:11)
  11 wraiths
  8 spriggans
  3 basilisks
  58 yaks
  3 wargs
  10 wyverns
  A black mamba skeleton (Crypt:1)
  4 fire elementals
  A death yak simulacrum (IceCv)
  A steam dragon (D:7)
  11 redbacks
  8 vampire mosquitoes
  44 nagas
  A fire bat zombie (Crypt:3)
  6 acid dragons
  A jumping spider (shapeshifter) (Depths:3)
  A glowing shapeshifter skeleton (Depths:2)
  An entropy weaver zombie (Crypt:2)
  25 water moccasins
  2 black bears (shapeshifter)
  2 naga skeletons (Crypt:3)
  53 orc warriors
  Pargi (Sewer)
  4 ice beasts
  A sky beast (D:8)
  8 ogres
  A swamp drake (Lair:5)
  19 laughing skulls
  A black bear (D:6)
  38 wolves
  The ghost of Nebesus the Slasher, an amateur CoCK of Xom (D:3)
  4 boggarts (Vaults:3)
  A torpor snail zombie (Crypt:1)
  3 phantoms
  A blink frog skeleton (Crypt:1)
  20 centaurs
  7 kobold brigands (Bailey)
  A rime drake skeleton (Crypt:2)
  17 bullfrogs
  2 weeping skulls (Ossuary)
  A brain worm (Sewer)
  Blork the orc (D:4)
  A deep troll simulacrum (Crypt:1)
  2 gnoll sergeants
  2 scorpions
  2 earth elementals
  A water moccasin zombie (D:5)
  A cane toad simulacrum (IceCv)
  12 wights
  A killer bee (shapeshifter) (Vaults:1)
  8 killer bees
  A human simulacrum (Vaults:4)
  2 howler monkeys
  3 electric eels
  5 bombardier beetles (D:5)
  A centaur zombie (D:5)
  5 jellies
  2 human zombies
  A gnoll bouda (D:8)
  6 hounds
  37 orc priests
  A sleepcap (D:5)
  A basilisk skeleton (Crypt:1)
  9 iguanas
  18 orc wizards
  7 hell rats (Lair:3)
  A polar bear simulacrum (IceCv)
  A wolf simulacrum (IceCv)
  A scorpion simulacrum (D:3)
  3 mummies (Ossuary)
  17 gnolls
  11 adders
  A hound simulacrum (D:3)
  2 ufetubi (D:5)
  4 dart slugs
  A ribbon worm (shapeshifter) (D:11)
  An adder simulacrum (D:3)
  82 orcs
  9 ball pythons
  12 endoplasms
  3 giant cockroaches
  A gnoll zombie (Ossuary)
  17 goblins
  8 hobgoblins
  2 jackals (D:1)
  A quokka (D:2)
  7 bats
  5 frilled lizards
  A frilled lizard zombie (Crypt:1)
  A giant cockroach simulacrum (D:3)
  25 kobolds
  A kobold skeleton (Crypt:3)
  5 kobold zombies
  2 orc zombies (Ossuary)
  A quokka simulacrum (D:3)
  A quokka skeleton (Crypt:1)
  5 rats
  2 aspiring fleshes (Zot:5)
  8 tentacles (Shoals:2)
2557 creatures vanquished.

Vanquished Creatures (collateral kills)
  A harpy (Shoals:1)
1 creature vanquished.

Vanquished Creatures (others)
  A red draconian (Depths:4)
  A spriggan berserker (Depths:1)
  A harpy (Shoals:1)
  2 merfolk (Shoals:1)
  A centaur (D:13)
  An orc wizard (Orc:2)
  28 tentacles (Shoals:2)
35 creatures vanquished.

Grand Total: 2593 creatures vanquished

Notes
Turn   | Place    | Note
-------+----------+-------------------------------------------
     0 | D:1      | petercordia the Coglin Hunter began the quest for the Orb.
     0 | D:1      | Reached XP level 1. HP: 16/16 MP: 1/1
   105 | D:1      | Reached skill level 1 in Stealth
   107 | D:1      | Reached XP level 2. HP: 22/22 MP: 2/2
   347 | D:1      | Reached XP level 3. HP: 27/27 MP: 3/3
   540 | D:2      | Reached skill level 1 in Armour
   604 | D:2      | Found a faded altar of an unknown god.
   624 | D:2      | Found Nese's Distillery.
   637 | D:2      | Bought a potion of lignification for 33 gold pieces
  1027 | D:2      | Reached XP level 4. HP: 34/34 MP: 4/4
  1537 | D:3      | Found a runed translucent gate.
  1537 | D:3      | Found a runed translucent gate.
  1537 | D:3      | Found a runed translucent gate.
  1566 | D:3      | Noticed Nebesus's ghost (amateur CoCK)
  2305 | D:4      | Reached XP level 5. HP: 39/39 MP: 5/5
  2322 | D:4      | Identified the +3 dagger of the Original Sin {drain, rPois
                  | rF+++ Will- Int-5}
  2350 | D:4      | Found a staircase to the Ecumenical Temple.
  2520 | Temple   | Entered the Ecumenical Temple
  2537 | Temple   | Became a worshipper of Warmaster Okawaru
  2623 | D:4      | Noticed a phantom
  2634 | D:4      | Killed a phantom
  2758 | D:4      | Noticed Blork the orc
  2792 | D:5      | Entered Level 5 of the Dungeon
  2792 | D:5      | Noticed an ice beast
  2792 | D:5      | Found a sand-covered staircase.
  2796 | Ossuary  | Entered an ossuary
  2811 | Ossuary  | Noticed a weeping skull
  2826 | Ossuary  | Killed a weeping skull
  2827 | Ossuary  | Reached XP level 6. HP: 40/47 MP: 6/6
  2928 | Ossuary  | Reached * piety under Okawaru
  3059 | D:5      | Killed an ice beast
  3060 | D:5      | Reached XP level 7. HP: 42/53 MP: 5/7
  3099 | D:5      | Found a transporter.
  3101 | D:5      | Noticed morax's ghost (novice GrFi)
  3127 | D:5      | Reached skill level 1 in Invocations
  3191 | D:5      | Found a glowing drain.
  3196 | Sewer    | Entered a sewer
  3281 | Sewer    | Noticed Pargi
  3289 | Sewer    | Killed Pargi
  3290 | Sewer    | Reached skill level 5 in Ranged Weapons
  3290 | Sewer    | Reached XP level 8. HP: 48/60 MP: 9/9
  3858 | D:5      | Identified the +2 robe of a treasure trove {rF+ rN+ rCorr
                  | Str-5}
  3898 | D:5      | Found a transporter.
  4299 | D:4      | Found a shimmering blue altar of Sif Muna.
  4313 | D:4      | Killed Blork the orc
  4313 | D:4      | Reached ** piety under Okawaru
  4535 | D:3      | Killed Nebesus's ghost
  4536 | D:3      | Reached skill level 5 in Fighting
  4954 | D:6      | Reached skill level 1 in Evocations
  4954 | D:6      | Reached XP level 9. HP: 67/68 MP: 10/10
  5258 | D:6      | Reached skill level 2 in Evocations
  5643 | D:2      | Bought a potion of ambrosia for 88 gold pieces
  5643 | D:2      | Bought 2 potions of degeneration for 22 gold pieces
  5643 | D:2      | Bought a potion of curing for 33 gold pieces
  5643 | D:2      | Bought a potion of mutation for 88 gold pieces
  6019 | D:7      | Reached *** piety under Okawaru
  6277 | D:7      | Reached skill level 3 in Evocations
  6567 | D:7      | Reached XP level 10. HP: 68/76 MP: 12/12
  6874 | D:7      | Reached skill level 5 in Dodging
  7525 | D:8      | Reached **** piety under Okawaru
  7825 | D:8      | Found a staircase to the Lair.
  8621 | D:9      | Identified the +2 robe of Dice, Bag, and Bottle {rC+ Will+
                  | rCorr}
  8691 | D:9      | Found a runed translucent door.
  8862 | D:9      | Found a runed translucent door.
  8869 | D:9      | Found the +10 tower shield of Ignorance {rN+ Int-4}
  8883 | D:9      | Noticed a two-headed ogre
  8908 | D:9      | Killed a two-headed ogre
  8909 | D:9      | Reached skill level 4 in Evocations
  9003 | D:9      | Found Oskoryke's Distillery.
  9219 | D:9      | Bought a potion of enlightenment for 60 gold pieces
  9219 | D:9      | Bought a potion of curing for 36 gold pieces
  9219 | D:9      | Bought a potion of curing for 36 gold pieces
  9219 | D:9      | Bought a potion of curing for 36 gold pieces
  9260 | D:9      | Reached skill level 10 in Ranged Weapons
  9421 | D:9      | Noticed an orange crystal statue
  9756 | Lair:1   | Entered Level 1 of the Lair of Beasts
  9769 | Lair:1   | Reached ***** piety under Okawaru
  9794 | Lair:1   | Noticed a spriggan rider
  9800 | Lair:1   | Found a frozen archway.
  9821 | IceCv    | Entered an ice cave
  9821 | IceCv    | Noticed a white ugly thing
  9847 | IceCv    | Killed a white ugly thing
  9852 | IceCv    | Reached XP level 11. HP: 44/84 MP: 6/13
  9855 | IceCv    | Found a transporter.
  9859 | IceCv    | Noticed a white ugly thing
  9875 | IceCv    | Found a transporter.
 10006 | Lair:1   | Noticed a brown ugly thing
 10163 | Lair:1   | Found a transporter.
 10170 | Lair:1   | Noticed a brown ugly thing
 10170 | Lair:1   | Noticed a thrashing horror
 10180 | Lair:1   | Found a transporter.
 10191 | Lair:1   | Noticed Coiter's ghost (journeyman SpDe)
 10356 | Lair:1   | Received a gift from Okawaru
 10427 | Lair:1   | Reached skill level 5 in Evocations
 10724 | Lair:1   | Found a one-way gate to the infinite horrors of the Abyss.
 10969 | Lair:1   | Reached skill level 5 in Stealth
 11160 | Lair:2   | Noticed a death yak
 11199 | Lair:1   | Killed a death yak
 11261 | Lair:2   | Noticed a death yak
 11261 | Lair:2   | Noticed a death yak
 11261 | Lair:2   | Noticed a death yak
 11281 | Lair:1   | Killed a death yak
 11410 | Lair:2   | Noticed a skyshark
 11420 | Lair:2   | Killed a skyshark
 11469 | Lair:2   | Received a gift from Okawaru
 11644 | Lair:2   | Reached XP level 12. HP: 85/92 MP: 15/15
 11658 | Lair:2   | Reached skill level 6 in Evocations
 12070 | Lair:1   | Killed a death yak
 12070 | Lair:1   | Received a gift from Okawaru
 12616 | Lair:2   | Killed a death yak
 12714 | Lair:3   | Found a staircase to the Snake Pit.
 13634 | Lair:3   | Reached skill level 5 in Invocations
 14109 | Lair:3   | Reached skill level 7 in Evocations
 14122 | Lair:3   | Noticed a five-headed hydra
 14130 | Lair:3   | Killed a five-headed hydra
 14130 | Lair:3   | Received a gift from Okawaru
 14234 | Lair:3   | Found a staircase to the Shoals.
 14309 | Lair:3   | Reached XP level 13. HP: 26/101 MP: 16/16
 14471 | Lair:3   | Reached ****** piety under Okawaru
 14472 | Lair:3   | Acquired a +2 antimagic hand cannon
 14472 | Lair:3   | Received a gift from Okawaru
 14488 | Lair:3   | Acquired the +2 pair of boots of the Mertaur {^Drain +Inv
                  | Fly rPois}
 14488 | Lair:3   | Received a gift from Okawaru
 15366 | Lair:4   | Received a gift from Okawaru
 15543 | Lair:4   | You are sucked into a shaft and drop 1 floor!
 15543 | Lair:5   | Entered Level 5 of the Lair of Beasts
 15767 | Lair:4   | Reached skill level 10 in Fighting
 16122 | Lair:4   | Found a viscous altar of Jiyva.
 16123 | Lair:4   | Found a staircase to the Slime Pits.
 16785 | Lair:5   | Identified the +8 scale mail "Jykoit" {rC+ rCorr Int+3
                  | Slay-3}
 16803 | Lair:5   | Received a gift from Okawaru
 17363 | Lair:5   | Reached skill level 8 in Evocations
 17612 | Lair:5   | Reached XP level 14. HP: 97/102 MP: 6/18
 17612 | Lair:5   | Acquired a recursive ramjet {AutoDazzle, Will+ Slay+3}
 17726 | Lair:5   | Received a gift from Okawaru
 17945 | Lair:5   | Reached skill level 15 in Ranged Weapons
 18439 | Lair:5   | Received a gift from Okawaru
 19254 | D:10     | Entered Level 10 of the Dungeon
 19304 | D:10     | Found a flagged portal.
 19314 | Bailey   | Entered a bailey
 19478 | Bailey   | Identified the +1 plate armour of Winter {rN+}
 19495 | Bailey   | Found a bloodstained altar of Trog.
 19586 | D:10     | Received a gift from Okawaru
 19624 | D:10     | Reached skill level 9 in Evocations
 20056 | D:10     | Found a portal to a secret trove of treasure.
 21024 | D:11     | Identified the ring "Asirec" {rElec rF+ rC+ Dex+5 Slay-3}
 21040 | D:11     | Reached XP level 15. HP: 99/120 MP: 6/19
 21229 | D:11     | Found Yhiobitu's Weapon Shop.
 21230 | D:11     | Found a staircase to the Orcish Mines.
 21236 | D:11     | Found Viest's Armour Shop.
 21249 | D:11     | Bought the +1 pair of gloves of Privacy {Int+3 Dex+2} for
                  | 378 gold pieces
 21262 | D:11     | Bought a +2 helmet of intelligence for 301 gold pieces
 21583 | Orc:1    | Entered Level 1 of the Orcish Mines
 21585 | Orc:1    | Received a gift from Okawaru
 21592 | Orc:1    | Noticed Erolcha
 21597 | Orc:1    | Killed Erolcha
 22085 | Orc:2    | Entered Level 2 of the Orcish Mines
 22085 | Orc:2    | Found a staircase to the Elven Halls.
 22100 | Orc:2    | Found a roughly hewn altar of Beogh.
 22133 | Orc:2    | Received a gift from Okawaru
 22259 | Orc:2    | Found a gate leading to a gauntlet.
 22311 | Gauntlet | Entered a Gauntlet
 22311 | Gauntlet | Found a transporter.
 22320 | Gauntlet | Found a transporter.
 22322 | Gauntlet | Found a transporter.
 22324 | Gauntlet | Found a transporter.
 22342 | Gauntlet | Found a transporter.
 22361 | Gauntlet | Found a transporter.
 22370 | Gauntlet | Found a transporter.
 22388 | Gauntlet | Found a transporter.
 22408 | Gauntlet | Found a transporter.
 22445 | Gauntlet | Found a transporter.
 22454 | Gauntlet | Found a transporter.
 22464 | Gauntlet | Found a transporter.
 22488 | Gauntlet | Found a transporter.
 22494 | Gauntlet | Found a transporter.
 22496 | Gauntlet | Found a transporter.
 22498 | Gauntlet | Found a large runed translucent door.
 22498 | Gauntlet | Found a large runed translucent door.
 22499 | Gauntlet | Found a large runed translucent door.
 22499 | Gauntlet | Found a large runed translucent door.
 22522 | Gauntlet | Found a transporter.
 22530 | Gauntlet | Found a transporter.
 22584 | Gauntlet | Found a transporter.
 22586 | Gauntlet | Found a runed translucent gate.
 22586 | Gauntlet | Found a runed translucent gate.
 22586 | Gauntlet | Found a runed translucent gate.
 22589 | Gauntlet | Found a large runed translucent door.
 22590 | Gauntlet | Found a large runed translucent door.
 22597 | Gauntlet | Found a large runed translucent door.
 22597 | Gauntlet | Found a large runed translucent door.
 22599 | Gauntlet | Found a large runed translucent door.
 22599 | Gauntlet | Found a large runed translucent door.
 22604 | Gauntlet | Found a large runed translucent door.
 22604 | Gauntlet | Found a large runed translucent door.
 22604 | Gauntlet | Found a runed translucent door.
 22604 | Gauntlet | Found a runed translucent door.
 22605 | Gauntlet | Found a large runed translucent door.
 22606 | Gauntlet | Found a large runed translucent door.
 22616 | Gauntlet | Found a large runed translucent door.
 22616 | Gauntlet | Found a large runed translucent door.
 23827 | Gauntlet | Identified the +2 hat of Kiggiu Yfej {Fly rN+ Str-5}
 23911 | Gauntlet | Identified the +5 leather armour of Tiar {Int-4 Dex+5}
 23918 | Gauntlet | Identified the +1 chain mail of Analysis {rN+ Int+5}
 24096 | Orc:2    | Found a shimmering blue altar of Sif Muna.
 24184 | Orc:2    | Identified the +1 robe "Erygio" {+Blink Will++ Dex-3
                  | Archmagi}
 24425 | Orc:2    | Noticed Donald
 24440 | Orc:2    | Killed Donald
 24440 | Orc:2    | Received a gift from Okawaru
 24844 | Orc:2    | Reached skill level 10 in Evocations
 24865 | Orc:2    | Found Fenec's Assorted Antiques.
 24868 | Orc:2    | Found Ciurunk's General Store.
 24869 | Orc:2    | Found Hinov's Assorted Antiques.
 24870 | Orc:2    | Found Gaceveur's Armour Boutique.
 24873 | Orc:2    | Bought a murky brown potion for 32 gold pieces
 24873 | Orc:2    | Bought a scroll labelled HUZOAGUTOO for 36 gold pieces
 24873 | Orc:2    | Bought a scroll of identify for 72 gold pieces
 24883 | Orc:2    | Bought a potion of curing for 39 gold pieces
 24883 | Orc:2    | Bought a scroll of identify for 26 gold pieces
 24883 | Orc:2    | Bought a scroll of identify for 26 gold pieces
 24888 | Orc:2    | Bought a scroll of identify for 52 gold pieces
 24888 | Orc:2    | Bought a scroll of revelation for 195 gold pieces
 24888 | Orc:2    | Bought a scroll of enchant armour for 195 gold pieces
 25384 | D:12     | Identified the beast talisman "Xudeuh" {rF+ rC+}
 25465 | D:12     | Received a gift from Okawaru
 25468 | D:12     | Noticed Rupert
 25474 | D:12     | Killed Rupert
 25517 | D:12     | Identified the +1 leather armour "Eneik" {rF+}
 25641 | D:12     | Got the Enchiridion on Austromancy and the Pyre
 25705 | D:12     | Got Basen's Directory of Hexes
 26180 | D:13     | Reached XP level 16. HP: 102/131 MP: 7/21
 26542 | D:13     | Found a gate to the Vaults.
 26695 | D:13     | Received a gift from Okawaru
 27225 | D:14     | Noticed Snorg
 27231 | D:14     | Killed Snorg
 28018 | D:14     | Received a gift from Okawaru
 28445 | D:14     | Identified the +2 hand cannon of Ravage {drain, rF+ Stlth+}
 28460 | D:14     | Identified the +0 plate armour of a bazaar {rC+}
 28690 | Shoals:1 | Entered Level 1 of the Shoals
 28842 | Shoals:1 | Reached skill level 11 in Evocations
 29171 | Shoals:1 | Received a gift from Okawaru
 29248 | Shoals:1 | Identified a scroll of acquirement
 29370 | Shoals:1 | Acquired the +1 cloak of Focus {rElec Str+2}
 30201 | Shoals:2 | Found Ehallaqe's Specific Store.
 30224 | Shoals:2 | Found Qorazuho's General Store.
 30228 | Shoals:2 | Bought a wand of light (7) for 558 gold pieces
 30386 | Shoals:2 | Noticed a kraken
 30421 | Shoals:2 | Killed a kraken
 30421 | Shoals:2 | Received a gift from Okawaru
 30422 | Shoals:2 | Reached XP level 17. HP: 106/140 MP: 7/23
 30964 | Shoals:2 | Noticed a kraken
 31037 | Shoals:2 | Killed a kraken
 31298 | Shoals:3 | Received a gift from Okawaru
 31392 | Shoals:3 | Found Godeifupt's Weapon Shop.
 31441 | Shoals:3 | Reached skill level 15 in Fighting
 31450 | Shoals:3 | HP: 6/142 [satyr/arrow (10)]
 32429 | Snake:1  | Entered Level 1 of the Snake Pit
 32431 | Snake:1  | Identified the serpent talisman of the Eternal Void {Will+}
 32431 | Snake:1  | Noticed Aizul
 32441 | Lair:3   | Killed Aizul
 32603 | D:15     | Entered Level 15 of the Dungeon
 32820 | D:15     | Reached skill level 12 in Evocations
 33027 | D:15     | Received a gift from Okawaru
 33270 | D:15     | Found a staircase to the Depths.
 33303 | D:15     | Found a broken altar of Ashenzari.
 33892 | Elf:1    | Entered Level 1 of the Elven Halls
 33959 | Elf:1    | Reached skill level 10 in Dodging
 34265 | Elf:1    | Found a huge runed translucent gate.
 34265 | Elf:1    | Found a huge runed translucent gate.
 34265 | Elf:1    | Found a huge runed translucent gate.
 34265 | Elf:1    | Found a huge runed translucent gate.
 34265 | Elf:1    | Found a huge runed translucent gate.
 34265 | Elf:1    | Found a huge runed translucent gate.
 34265 | Elf:1    | Found a huge runed translucent gate.
 34314 | Elf:1    | Found a huge runed translucent gate.
 34314 | Elf:1    | Found a huge runed translucent gate.
 34314 | Elf:1    | Found a huge runed translucent gate.
 34314 | Elf:1    | Found a huge runed translucent gate.
 34314 | Elf:1    | Found a huge runed translucent gate.
 34315 | Elf:1    | Found a huge runed translucent gate.
 34315 | Elf:1    | Found a huge runed translucent gate.
 34315 | Elf:1    | Found a huge runed translucent gate.
 34315 | Elf:1    | Found a huge runed translucent gate.
 34315 | Elf:1    | Found a huge runed translucent gate.
 34315 | Elf:1    | Found a huge runed translucent gate.
 34315 | Elf:1    | Found a huge runed translucent gate.
 34316 | Elf:1    | Found a huge runed translucent gate.
 34317 | Elf:1    | Noticed a deep elf master archer
 34344 | Elf:1    | Paralysed by an air elemental for 1 turns
 34347 | Elf:1    | Paralysed by an air elemental for 1 turns
 34349 | Elf:1    | Received a gift from Okawaru
 34352 | Elf:1    | Paralysed by an air elemental for 1 turns
 34794 | Elf:1    | Reached XP level 18. HP: 135/151 MP: 8/24
 34835 | Elf:1    | Reached skill level 10 in Stealth
 35040 | Elf:1    | Found Petistre's Weapon Emporium.
 35552 | Elf:1    | Killed a deep elf master archer
 35804 | Elf:1    | Found Petistre's Weapon Emporium.
 36295 | Elf:2    | Noticed Nikola
 36315 | Elf:2    | Killed Nikola
 36315 | Elf:2    | Received a gift from Okawaru
 36362 | Elf:2    | Found a runed translucent gate.
 36362 | Elf:2    | Found a runed translucent gate.
 36364 | Elf:2    | Found a runed translucent gate.
 36622 | Elf:2    | Found a radiant altar of Vehumet.
 36657 | Elf:2    | Found a flickering gateway to a bazaar.
 36709 | Bazaar   | Entered a bazaar
 36713 | Bazaar   | Found Palirhoss's Magic Scroll Shop.
 36746 | Bazaar   | Found Iplaps's Weapon Shop.
 36775 | Bazaar   | Found Kuyrade's Distillery.
 36775 | Bazaar   | Found Cydghuci's Book Boutique.
 36828 | Bazaar   | Bought a scroll of fog for 60 gold pieces
 36828 | Bazaar   | Bought a scroll of enchant weapon for 112 gold pieces
 36828 | Bazaar   | Bought a scroll of brand weapon for 142 gold pieces
 36828 | Bazaar   | Bought a scroll of poison for 60 gold pieces
 36828 | Bazaar   | Bought a scroll of teleportation for 45 gold pieces
 36840 | Bazaar   | Bought a potion of invisibility for 136 gold pieces
 36840 | Bazaar   | Bought a potion of resistance for 170 gold pieces
 36840 | Bazaar   | Bought a potion of brilliance for 68 gold pieces
 37291 | Elf:2    | Noticed a deep elf blademaster
 37292 | Elf:2    | Received a gift from Okawaru
 37303 | Elf:2    | Killed a deep elf blademaster
 37460 | Elf:2    | Reached skill level 13 in Evocations
 37988 | Elf:3    | Entered Level 3 of the Elven Halls
 38164 | Elf:3    | Found Akoinev's Book Shoppe.
 38242 | Elf:3    | Found Yritirolix's Distillery.
 38259 | Elf:3    | Bought a potion of heal wounds for 65 gold pieces
 38345 | Elf:3    | Received a gift from Okawaru
 38759 | Elf:3    | Found Gusulal's Distillery.
 38762 | Elf:3    | Bought a potion of curing for 45 gold pieces
 38762 | Elf:3    | Bought a potion of curing for 45 gold pieces
 38899 | Elf:3    | Noticed a deep elf blademaster
 38902 | Elf:3    | Noticed a deep elf blademaster
 38907 | Elf:3    | Killed a deep elf blademaster
 38908 | Elf:3    | Reached XP level 19. HP: 147/163 MP: 6/25
 38914 | Elf:3    | Noticed a Brimstone Fiend
 38953 | Elf:3    | Received a gift from Okawaru
 39265 | Elf:3    | Identified the +7 hand axe of Arrival {heavy, rC++}
 39316 | Elf:3    | Identified the +2 trident "Yssukiuck" {flame, rN+ Dex+8}
 39322 | Elf:3    | Identified the amulet of the Past {Spirit rElec rN+}
 39462 | Elf:3    | Found the +10 zealot's sword {holy, Zealotry, *Rage rN+
                  | EV+3}
 39497 | Elf:3    | Found the +5 demon whip "Spellbinder" {antimagic, disrupt,
                  | Will+}
 39499 | Elf:3    | Identified the quicksilver dragon scales of the King of the
                  | Hill {rF+ rN+ Will+ Str+4 Dex-5}
 39514 | Elf:3    | Got the Compendium of the Gusty Catacomb
 39517 | Elf:3    | Identified the ring "Xoergh" {Int+6 Stlth+}
 39520 | Elf:3    | Identified the ring of Kozonyg {Fly rF++ rC+ Dex-3 SInv}
 39523 | Elf:3    | Identified the +5 falchion of the Scavenger {pain, +Blink
                  | rN+ rCorr}
 39612 | Elf:3    | Identified the +2 dagger of Somewhere Else {flame, rPois}
 40657 | Snake:2  | Noticed Vashnia
 40664 | Snake:2  | Killed Vashnia
 40670 | Snake:2  | Received a gift from Okawaru
 40675 | Snake:2  | Reached skill level 14 in Evocations
 40863 | Snake:2  | Noticed Asterion
 40869 | Snake:2  | Killed Asterion
 40916 | Snake:2  | Noticed Saint Roka
 40921 | Snake:2  | Killed Saint Roka
 41047 | Snake:2  | Noticed Roxanne
 41053 | Snake:2  | Killed Roxanne
 41315 | Snake:2  | Identified the ring "Vodol" {rF+ Int+3 SInv}
 41746 | Snake:3  | Reached XP level 20. HP: 153/176 MP: 9/27
 41828 | Snake:3  | Found an ancient bone altar of Kikubaaqudgha.
 41912 | Snake:3  | Received a gift from Okawaru
 41926 | Snake:3  | Learned a level 2 spell: Blink
 42218 | Snake:4  | Entered Level 4 of the Snake Pit
 42495 | Snake:4  | Reached skill level 1 in Translocations
 42783 | Snake:4  | Reached skill level 1 in Spellcasting
 43645 | Snake:4  | Received a gift from Okawaru
 44048 | Snake:4  | Reached skill level 10 in Invocations
 44426 | Snake:4  | Got a serpentine rune of Zot
 44454 | Snake:4  | Received a gift from Okawaru
 44582 | Shoals:4 | Entered Level 4 of the Shoals
 45064 | Shoals:4 | Identified the +5 ring mail of Spring Thaw {rPois rF+
                  | Int+2}
 45082 | Shoals:4 | Noticed Louise
 45093 | Shoals:4 | Killed Louise
 45499 | Shoals:4 | Identified the +2 orcbow of Reapportionment {flame, rF+}
 45553 | Shoals:4 | Received a gift from Okawaru
 45876 | Shoals:4 | Got a barnacled rune of Zot
 46092 | Vaults:1 | Entered Level 1 of the Vaults
 46140 | Vaults:1 | Reached skill level 15 in Evocations
 46313 | Vaults:1 | Found a flickering gateway to a bazaar.
 46354 | Bazaar   | Entered a bazaar
 46354 | Bazaar   | Found Guilyfir's Distillery.
 46354 | Bazaar   | Found Ynlegh's Distillery.
 46354 | Bazaar   | Found Wiw Ymeun's Antique Weapon Boutique.
 46354 | Bazaar   | Found Bischerhaaph's Jewellery Shop.
 46354 | Bazaar   | Found Nucelussu's Antique Weapon Boutique.
 46376 | Bazaar   | Bought a potion of haste for 120 gold pieces
 46376 | Bazaar   | Bought a potion of ambrosia for 96 gold pieces
 46376 | Bazaar   | Bought a potion of curing for 36 gold pieces
 46376 | Bazaar   | Bought a potion of ambrosia for 96 gold pieces
 46376 | Bazaar   | Bought a potion of curing for 36 gold pieces
 46376 | Bazaar   | Bought a potion of curing for 36 gold pieces
 46376 | Bazaar   | Bought a potion of brilliance for 48 gold pieces
 46376 | Bazaar   | Bought a potion of curing for 36 gold pieces
 46378 | Bazaar   | Bought a potion of enlightenment for 55 gold pieces
 46378 | Bazaar   | Bought a potion of brilliance for 44 gold pieces
 46378 | Bazaar   | Bought a potion of brilliance for 44 gold pieces
 46378 | Bazaar   | Bought a potion of enlightenment for 55 gold pieces
 46378 | Bazaar   | Bought a potion of curing for 33 gold pieces
 46378 | Bazaar   | Bought a potion of cancellation for 88 gold pieces
 46378 | Bazaar   | Bought a potion of resistance for 110 gold pieces
 46397 | Vaults:1 | Reached XP level 21. HP: 177/184 MP: 9/28
 46480 | Vaults:1 | Received a gift from Okawaru
 46929 | Vaults:1 | Found a huge runed translucent gate.
 46930 | Vaults:1 | Found a huge runed translucent gate.
 46931 | Vaults:1 | Found a huge runed translucent gate.
 46931 | Vaults:1 | Found a huge runed translucent gate.
 46932 | Vaults:1 | Found a huge runed translucent gate.
 46932 | Vaults:1 | Found a huge runed translucent gate.
 46974 | Vaults:1 | Found a huge runed translucent gate.
 46974 | Vaults:1 | Found a huge runed translucent gate.
 46975 | Vaults:1 | Found a huge runed translucent gate.
 46975 | Vaults:1 | Found a huge runed translucent gate.
 46978 | Vaults:1 | Found a huge runed translucent gate.
 46978 | Vaults:1 | Found a huge runed translucent gate.
 46978 | Vaults:1 | Found a huge runed translucent gate.
 46978 | Vaults:1 | Found a huge runed translucent gate.
 46979 | Vaults:1 | Found a huge runed translucent gate.
 47002 | Vaults:1 | Found a huge runed translucent gate.
 47003 | Vaults:1 | Found a huge runed translucent gate.
 47004 | Vaults:1 | Found a huge runed translucent gate.
 47005 | Vaults:1 | Found a huge runed translucent gate.
 47014 | Vaults:1 | Found a huge runed translucent gate.
 47014 | Vaults:1 | Found a huge runed translucent gate.
 47014 | Vaults:1 | Found a huge runed translucent gate.
 47016 | Vaults:1 | Found a huge runed translucent gate.
 47017 | Vaults:1 | Found a huge runed translucent gate.
 47018 | Vaults:1 | Found a huge runed translucent gate.
 47018 | Vaults:1 | Found a huge runed translucent gate.
 47023 | Vaults:1 | Found a huge runed translucent gate.
 47024 | Vaults:1 | Found a huge runed translucent gate.
 47024 | Vaults:1 | Found a huge runed translucent gate.
 47024 | Vaults:1 | Found a huge runed translucent gate.
 47024 | Vaults:1 | Found a huge runed translucent gate.
 47026 | Vaults:1 | Found a huge runed translucent gate.
 47027 | Vaults:1 | Found a huge runed translucent gate.
 47028 | Vaults:1 | Found a huge runed translucent gate.
 47028 | Vaults:1 | Found a huge runed translucent gate.
 47033 | Vaults:1 | Found a huge runed translucent gate.
 47221 | Vaults:1 | Received a gift from Okawaru
 47533 | Vaults:1 | Reached skill level 5 in Armour
 47979 | Vaults:1 | Received a gift from Okawaru
 48024 | Vaults:1 | Identified the +5 executioner's axe of Wrongful
                  | Imprisonment {pain, rCorr}
 48170 | Vaults:1 | Upgraded the game from 0.32-a0-630-g46d191b0ed to
                  | 0.32-a0-640-gc5db3fc80f
 48486 | Vaults:2 | Found a flickering gateway to a bazaar.
 48523 | Bazaar   | Entered a bazaar
 48523 | Bazaar   | Found Kaodwueps's Weapon Emporium.
 48523 | Bazaar   | Found Kiduybogg's Antique Weapon Shop.
 48523 | Bazaar   | Found Facwam's Armour Shoppe.
 48525 | Bazaar   | Found Reum's Distillery.
 48525 | Bazaar   | Found Inoh's Assorted Antiques.
 48565 | Bazaar   | Bought 2 potions of curing for 96 gold pieces
 48565 | Bazaar   | Bought a potion of curing for 48 gold pieces
 48565 | Bazaar   | Bought a potion of haste for 160 gold pieces
 48565 | Bazaar   | Bought a potion of magic for 128 gold pieces
 48565 | Bazaar   | Bought a potion of ambrosia for 128 gold pieces
 48570 | Bazaar   | Bought a potion of heal wounds for 190 gold pieces
 48570 | Bazaar   | Bought a scroll of fog for 152 gold pieces
 49014 | Vaults:2 | Got the Parchment of Chrysopoeia and Burning
 49989 | Vaults:3 | Identified the +5 scimitar of Hatred {freeze, rPois Str-3
                  | Dex+4}
 50034 | Vaults:3 | Received a gift from Okawaru
 50339 | Vaults:3 | Reached XP level 22. HP: 161/195 MP: 12/30
 50354 | Vaults:3 | Reached skill level 16 in Evocations
 50503 | Vaults:3 | Found a runed translucent door.
 50504 | Vaults:3 | Noticed Notanamesir's ghost (adept CoGl)
 50740 | Vaults:3 | Found a staircase to the Crypt.
 50740 | Vaults:3 | Found a basalt altar of Yredelemnul.
 50741 | Vaults:3 | Found an ancient bone altar of Kikubaaqudgha.
 50967 | Vaults:3 | Found a runed translucent door.
 51176 | Vaults:3 | Identified the +10 lajatang of Valour {flame, rElec rN+
                  | rCorr Stlth+}
 51506 | Vaults:3 | Identified the +5 chain mail "Rusch" {Rampage}
 51807 | Vaults:3 | Killed Notanamesir's ghost
 51968 | Vaults:4 | Received a gift from Okawaru
 52651 | Vaults:4 | Received a gift from Okawaru
 52847 | Vaults:4 | Noticed Xtahua
 52859 | Vaults:4 | Killed Xtahua
 53199 | Vaults:4 | Found a runed translucent gate.
 53199 | Vaults:4 | Found a runed translucent gate.
 53199 | Vaults:4 | Found a runed translucent gate.
 53415 | Vaults:4 | Found Zoalyat's Distillery.
 53574 | Vaults:4 | Reached skill level 17 in Evocations
 53574 | Vaults:4 | Found a glowing golden altar of the Shining One.
 53894 | Depths:1 | Entered Level 1 of the Depths
 53911 | Depths:1 | Received a gift from Okawaru
 53938 | Depths:1 | Found Ucui's Magic Scroll Shop.
 54135 | Depths:1 | Reached XP level 23. HP: 186/203 MP: 10/31
 54178 | Depths:1 | Received a gift from Okawaru
 54332 | Depths:1 | Found a gateway to Hell.
 54465 | Depths:1 | Identified the +0 leather armour "Vemiov Rigi" {+Inv rF+
                  | Slay+3}
 54577 | Depths:1 | Identified the +8 trident of Moshrugoi {freeze, +Blink Fly
                  | Dex+3 SInv}
 55419 | Crypt:1  | Entered Level 1 of the Crypt
 55703 | Crypt:1  | Received a gift from Okawaru
 55707 | Crypt:1  | Noticed Sojobo
 55739 | Crypt:1  | Killed Sojobo
 55952 | Crypt:1  | Reached skill level 18 in Evocations
 56099 | Crypt:1  | Noticed Grunn
 56111 | Crypt:1  | Reached skill level 15 in Dodging
 56112 | Crypt:1  | Received a gift from Okawaru
 56115 | Crypt:1  | Killed Grunn
 56345 | Crypt:1  | Identified the +5 war axe of the Desolation of Salt {venom,
                  | *Corrode rPois rC+ Str+3}
 56872 | Crypt:1  | Got the Dissertation on Skeletons
 57529 | Crypt:2  | Reached XP level 24. HP: 185/210 MP: 10/32
 57801 | Crypt:2  | Identified the +4 robe "Humuohohoy" {+Inv SInv}
 57801 | Crypt:2  | Noticed Boris
 57815 | Crypt:2  | Killed Boris
 57848 | Crypt:2  | Found a runed translucent door.
 57871 | Crypt:2  | Found the +8 trishula "Condemnation" {holy, anguish, *Noise
                  | Fly rN+}
 57879 | Crypt:2  | Noticed Gathuos's ghost (adept OpEE)
 57880 | Crypt:2  | Noticed an ancient lich
 57950 | Crypt:2  | Received a gift from Okawaru
 59042 | Depths:1 | Received a gift from Okawaru
 59589 | Depths:2 | Found a shadowy altar of Dithmenos.
 59964 | Depths:2 | Received a gift from Okawaru
 60020 | Depths:2 | Identified the +8 dire flail "Eteeheto" {vamp, Will++
                  | Dex+4}
 60048 | Depths:2 | Found a runed translucent door.
 60075 | Depths:2 | Found a runed translucent door.
 60076 | Depths:2 | Noticed an ancient lich
 60111 | Depths:2 | Identified the +1 spear "Tumn" {heavy, ^Fragile rElec rF+
                  | rN+++}
 60562 | Depths:2 | Found a one-way gate leading to the halls of Pandemonium.
 60902 | Depths:2 | Killed an ancient lich
 61128 | Depths:3 | Reached skill level 19 in Evocations
 61131 | Depths:3 | Noticed a caustic shrike
 61433 | Depths:3 | Identified the +2 dagger of Subterfuge {heavy, Str+3 Dex+5}
 61563 | Depths:2 | Reached skill level 15 in Stealth
 61694 | Depths:2 | Killed a caustic shrike
 61694 | Depths:2 | Received a gift from Okawaru
 61695 | Depths:2 | Reached XP level 25. HP: 188/217 MP: 10/32
 61748 | Depths:3 | Noticed Vv
 62293 | Depths:3 | Found a one-way gateway to a ziggurat.
 62458 | Depths:3 | Received a gift from Okawaru
 62870 | Depths:3 | Identified the +2 spear of Classification {flame, Fly Int+4
                  | Dex+4}
 62980 | Depths:3 | Identified the +17 plate armour of Disguise {Int+3 Dex+5}
 63339 | Depths:3 | Found a snail-covered altar of Cheibriados.
 63365 | Depths:3 | Killed Vv
 63658 | Depths:3 | Upgraded the game from 0.32-a0-640-gc5db3fc80f to
                  | 0.32-a0-656-g3542139ebd
 63677 | Depths:4 | Entered Level 4 of the Depths
 63805 | Depths:4 | Received a gift from Okawaru
 64140 | Depths:4 | Identified the +1 arbalest of Watchfulness {penet, Int+5
                  | Dex-2}
 64284 | Depths:4 | Received a gift from Okawaru
 64559 | Depths:4 | Reached XP level 26. HP: 220/224 MP: 11/33
 64572 | Depths:4 | Reached skill level 20 in Evocations
 64753 | Depths:4 | Found a gate to the Realm of Zot.
 64822 | Depths:4 | Found a sparkling altar of Nemelex Xobeh.
 65479 | Crypt:3  | Entered Level 3 of the Crypt
 65885 | Crypt:3  | Received a gift from Okawaru
 66043 | Crypt:3  | Found a basalt altar of Yredelemnul.
 66210 | Crypt:3  | Noticed an ancient lich
 66252 | Crypt:3  | Killed an ancient lich
 66312 | Crypt:3  | Found a staircase to the Tomb.
 66422 | Crypt:3  | Identified the ring of the Good {rCorr MP+9 Dex+4 SInv}
 66723 | Crypt:3  | Received a gift from Okawaru
 66729 | Crypt:3  | Found the +5 scythe "Finisher" {speed, execute}
 66986 | Vaults:4 | You are sucked into a shaft and drop 1 floor!
 66986 | Vaults:5 | Entered Level 5 of the Vaults
 67047 | Vaults:5 | Noticed Margery
 67054 | Vaults:5 | Killed Margery
 67063 | Vaults:5 | Killed the ghostly Margery
 67382 | Vaults:5 | Reached skill level 21 in Evocations
 67421 | Vaults:5 | Received a gift from Okawaru
 67734 | Vaults:5 | Identified the +5 arbalest of Zopelill {flame, Dex+4}
 67778 | Vaults:5 | Reached XP level 27. HP: 184/231 MP: 11/33
 67870 | Vaults:5 | Identified the +1 battleaxe of a volcano {freeze, rF+ Dex+2
                  | Stlth+}
 67972 | Vaults:5 | Noticed a dread lich
 68035 | Vaults:5 | Killed a dread lich
 68065 | Vaults:5 | Reached skill level 22 in Evocations
 68095 | Vaults:5 | Identified the +3 hand axe of Ahehegimm {heavy, rN+}
 68165 | Vaults:5 | Identified the ring of Vynob {rPois rF+ rCorr Dex+5 Stlth-}
 68329 | Vaults:5 | Identified the +2 robe of Intuition {*Corrode Will+ MP+9
                  | Dex+2}
 68329 | Vaults:5 | Noticed Boris
 68338 | Vaults:5 | Killed Boris
 68353 | Vaults:5 | Received a gift from Okawaru
 68382 | Vaults:5 | Reached skill level 10 in Armour
 68903 | Vaults:5 | Found Xeoprauk's Assorted Antiques.
 68906 | Vaults:5 | Identified the +1 morningstar of No Interval {flame, rElec
                  | rCorr Str+6 Dex-5}
 68940 | Vaults:5 | Noticed a dread lich
 68951 | Vaults:5 | Killed a dread lich
 68953 | Vaults:5 | Received a gift from Okawaru
 69126 | Vaults:5 | Got a silver rune of Zot
 69504 | Vaults:5 | Bought a scroll of acquirement for 1508 gold pieces
 69504 | Vaults:5 | Acquired the +3 cloak "Nit Zise" {rPois Slay+3}
 70159 | Vaults:4 | Bought a potion of experience for 900 gold pieces
 70159 | Vaults:4 | Bought a potion of resistance for 180 gold pieces
 70523 | Elf:3    | Bought a potion of mutation for 104 gold pieces
 70523 | Elf:3    | Bought a potion of resistance for 130 gold pieces
 70853 | Zot:1    | Entered Level 1 of the Realm of Zot
 70942 | Zot:1    | You are sucked into a shaft and drop 1 floor!
 71223 | Zot:2    | Reached skill level 23 in Evocations
 72392 | Zot:1    | Received a gift from Okawaru
 72807 | Zot:1    | Found a runed translucent door.
 72808 | Zot:1    | Found a shimmering altar of Xom.
 72808 | Zot:1    | Noticed Beclu's ghost (legendary GnSk)
 72808 | Zot:1    | Identified the +7 dire flail "Guxeqosu" {chaos, Str+3}
 73202 | Zot:3    | Reached skill level 24 in Evocations
 73345 | Zot:3    | Found a huge runed translucent gate.
 73345 | Zot:3    | Found a huge runed translucent gate.
 73346 | Zot:3    | Found a huge runed translucent gate.
 73346 | Zot:3    | Found a huge runed translucent gate.
 73349 | Zot:3    | Found a huge runed translucent gate.
 73350 | Zot:3    | Found a huge runed translucent gate.
 73350 | Zot:3    | Found a huge runed translucent gate.
 73350 | Zot:3    | Found a huge runed translucent gate.
 73351 | Zot:3    | Found a huge runed translucent gate.
 73351 | Zot:3    | Found a huge runed translucent gate.
 73486 | Zot:3    | Found a huge runed translucent gate.
 73486 | Zot:3    | Found a huge runed translucent gate.
 73486 | Zot:3    | Found a huge runed translucent gate.
 73486 | Zot:3    | Found a huge runed translucent gate.
 73487 | Zot:3    | Found a huge runed translucent gate.
 73489 | Zot:3    | Found a huge runed translucent gate.
 73490 | Zot:3    | Found a huge runed translucent gate.
 73491 | Zot:3    | Found a huge runed translucent gate.
 73492 | Zot:3    | Found a huge runed translucent gate.
 73493 | Zot:3    | Found a huge runed translucent gate.
 73493 | Zot:3    | Found a huge runed translucent gate.
 73495 | Zot:3    | Found a huge runed translucent gate.
 73499 | Zot:3    | Found a huge runed translucent gate.
 73500 | Zot:3    | Found a huge runed translucent gate.
 73500 | Zot:3    | Found a huge runed translucent gate.
 73501 | Zot:3    | Found a huge runed translucent gate.
 73502 | Zot:3    | Found a huge runed translucent gate.
 73503 | Zot:3    | Found a huge runed translucent gate.
 73504 | Zot:3    | Found a huge runed translucent gate.
 73504 | Zot:3    | Found a huge runed translucent gate.
 73511 | Zot:3    | Found a huge runed translucent gate.
 73513 | Zot:3    | Found a huge runed translucent gate.
 73513 | Zot:3    | Found a huge runed translucent gate.
 73607 | Zot:3    | Found a huge runed translucent gate.
 73608 | Zot:3    | Found a huge runed translucent gate.
 73627 | Zot:3    | Found a huge runed translucent gate.
 73659 | Zot:3    | Received a gift from Okawaru
 73669 | Zot:3    | Reached skill level 15 in Invocations
 74062 | Zot:3    | Noticed an orb of fire
 74702 | Zot:5    | Entered Level 5 of the Realm of Zot
 75002 | Zot:4    | Noticed a dread lich
 75010 | Zot:4    | Killed a dread lich
 75106 | Zot:4    | Noticed an orb of fire
 75118 | Zot:4    | Killed an orb of fire
 75126 | Zot:4    | Received a gift from Okawaru
 75257 | Zot:4    | Identified the +2 leather armour of Ignis's Vengeance
                  | {-Cast Fly rElec Stlth-}
 75272 | Zot:4    | Acquired a manual of Armour
 75352 | Zot:4    | Identified the +11 hand axe of the Thirsty Places {flame,
                  | rPois Str+3 Stlth+}
 75395 | Zot:4    | Reached skill level 25 in Evocations
 77527 | Zot:5    | Noticed a dread lich
 77530 | Zot:5    | Killed a dread lich
 77538 | Zot:5    | Received a gift from Okawaru
 77541 | Zot:5    | Noticed a dread lich
 77549 | Zot:5    | Killed a dread lich
 78130 | Zot:5    | Noticed an orb of fire
 78131 | Zot:5    | Gained mutation: You are vulnerable to heat. (rF-) [an orb
                  | of fire]
 78134 | Zot:5    | Gained mutation: You are partially covered in iridescent
                  | scales. (AC +2) [an orb of fire]
 78135 | Zot:5    | Gained mutation: Your body sometimes deteriorates upon
                  | taking damage. [an orb of fire]
 78136 | Zot:5    | Gained mutation: You have a pair of small horns on your
                  | head. [an orb of fire]
 78140 | Zot:5    | Killed an orb of fire
 78141 | Zot:5    | Lost mutation: Your body sometimes deteriorates upon taking
                  | damage. [potion of mutation]
 78141 | Zot:5    | Lost mutation: You are vulnerable to heat. (rF-) [potion of
                  | mutation]
 78141 | Zot:5    | Gained mutation: You occasionally lose the ability to drink
                  | potions when taking damage. [potion of mutation]
 78539 | Zot:5    | Noticed an orb of fire
 78546 | Zot:5    | Killed an orb of fire
 78712 | Zot:5    | Noticed an orb of fire
 78724 | Zot:5    | Killed an orb of fire
 78741 | Zot:5    | Reached skill level 15 in Armour
 78749 | Zot:5    | Received a gift from Okawaru
 78759 | Zot:5    | Reached skill level 26 in Evocations
 78769 | Zot:5    | Noticed an orb of fire
 78778 | Zot:5    | Killed an orb of fire
 78778 | Zot:5    | Noticed an orb of fire
 78787 | Zot:5    | Killed an orb of fire
 78800 | Zot:5    | Noticed an orb of fire
 78805 | Zot:5    | Killed an orb of fire
 78808 | Zot:5    | Noticed an orb of fire
 78814 | Zot:5    | Killed an orb of fire
 78814 | Zot:5    | Noticed an orb of fire
 78816 | Zot:5    | Noticed an ancient lich
 78821 | Zot:5    | Killed an orb of fire
 78829 | Zot:5    | Killed an ancient lich
 79012 | Zot:5    | Received a gift from Okawaru
 79108 | Zot:5    | Got the Orb of Zot
 79569 | D:4      | Identified the +4 robe of a Million Ears {Str+3}
 79569 | D:4      | Noticed Boris
 79669 | D:$      | Escaped with the Orb!

Illustrated notes

Levels and vault maps discovered:
D:1:      minmay_arrival_jagged, layout_basic
D:2:      layout_loops_ring, chequers_ecumenical_altar_simple, serial_shops,
          shop
D:3:      layout_loops_corners, gammafunk_ghost_icy, patterned_corridor
D:4:      layout_gridville, general_overflow_altar,
          minmay_temple_entry_nine_rooms, uniq_blork_the_orc
D:5:      corexii_shack_village, layout_cave_pods, enter_ossuary_3,
          gammafunk_ghost_mausoleum, mainiacjoe_sewer_entry_somewhere_in_here_1,
          nicolae_concentric_dashed_squares_mild, kennysheep_small_square
D:6:      layout_layer_cave
D:7:      layout_layer_cave, minmay_starry_boxes
D:8:      layout_basic, dpeg_oklobed_lair
D:9:      layout_gridville, serial_shops, nicolae_diamond_shop,
          chequers_guarded_unrand_ignorance
D:10:     layout_roguey, enter_trove_5, enter_bailey_3
D:11:     minmay_the_grid_octo_triangle [minmay_the_grid_octo_checkered,
          minmay_the_grid_octo_prize_square_snowflake,
          minmay_the_grid_octo_toaster], layout_stronghold, orc_david_3
D:12:     minmay_tri_box, layout_gridville, uniq_rupert
D:13:     layout_grid_maze, skrybe_vaults_entry_preservation
D:14:     kennysheep_bubble_arena, layout_rooms, ebering_dispersal_statue_hall,
          kennysheep_minor_cross, eino_small_chamber_without_monster,
          nicolae_zig_zag_zippers, uniq_snorg
D:15:     hangedman_depths_entry_try_elsewhere_first, layout_gridville,
          ashenzari_altar_1
Temple:   mainiacjoe_temple_circle_huts
Lair:1:   layout_chaotic_city, portal_ice_cave_entry_pillars_2,
          gammafunk_ghost_abyssal_escape
Lair:2:   layout_cave_pods, serial_bayou_shore_b, grunt_megastairs_5
Lair:3:   beast_lair_carwin_large_3, layout_long_grid, minmay_shoals_entry_hut,
          dummy_snake_entry
Lair:4:   layout_layer_cave, dpeg_slime_entry_enclosed
Lair:5:   guppyfry_lair_end_dragon, layout_loops_ring,
          hangedman_lair_tendril_chambers, grunt_forest_large_clearings
Shoals:1: layout_shoals, nicolae_shoals_dead_sea_scrolls
Shoals:2: layout_shoals, nicolae_specific_store
Shoals:3: layout_shoals, nicolae_shoals_c_island
Shoals:4: shoals_end_simple, layout_shoals, uniq_louise
Snake:1:  layout_misc_corridors, drop_trap, grunt_megastairs_1, uniq_aizul
Snake:2:  layout_honeycomb, drop_trap, serial_bayou_shore_b, lemuel_fruit_tree,
          uniq_vashnia, uniq_saint_roka, uniq_roxanne, uniq_asterion
Snake:3:  layout_onion, basic_altar
Snake:4:  grunt_snake_rune_pools, layout_cave_town
Orc:1:    layout_caves, uniq_erolcha
Orc:2:    st_orc_pillars, layout_diamond_mine, basic_altar,
          gauntlet_entry_generic, kennysheep_orc_sif_temple, uniq_donald
Elf:1:    eino_elf_arrival_customs, layout_rooms, serial_shops, shop,
          hangedman_elf_represent
Elf:2:    nicolae_elf_blades_splatter_lattice [mumra_blade_entry_dagger],
          layout_onion_city, serial_shops, bzr_entry_dummy,
          lemuel_upstairs_altar, uniq_nikola
Elf:3:    elf_hall, layout_loops_ring, serial_shops, nicolae_shop_crystal, shop,
          nicolae_shop_tiny_real_fake_doors, grunt_ministairs_15, st_stairs_6,
          nicolae_twisty_statue_hallways
Vaults:1: nicolae_vaults_alarming, v_misc_12, v_rooms_1, v_misc_26,
          vaults_mumra_minichess, v_pattern_1, door_vault,
          nicolae_vaults_oval_intersection, layout_vaults_chaotic_city,
          serial_shops, bzr_entry_islet
Vaults:2: v_misc_24, nicolae_vaults_little_squares_2,
          nicolae_vaults_network_quinsquares
          [nicolae_vaults_network_quincunx_subvault,
          nicolae_vaults_network_quincunx_subvault,
          nicolae_vaults_network_quincunx_subvault,
          nicolae_vaults_network_quincunx_subvault], vaults_dpeg_diagonal,
          nicolae_vaults_surprise_closet_hard, nicolae_vaults_network_periphery,
          nicolae_vaults_gold_heap, nicolae_vaults_tetromino_Z_2,
          layout_vaults_omnigrid, serial_shops, bzr_entry_dummy
Vaults:3: hellmonk_ghost_big_iron, v_pattern_4,
          nicolae_vaults_trapezoid_lopsided_3, nicolae_vaults_network_square,
          v_misc_5, nicolae_vaults_tetromino_T_2,
          nicolae_vaults_trapezoid_lopsided_2, minmay_crypt_entry_necro_gods,
          nicolae_vaults_door_testing_chamber, nicolae_vaults_double_plus_1,
          nicolae_vaults_layer_cake_slice, nicolae_vaults_storage_room_doors,
          layout_vaults_omnicross
Vaults:4: abrahamwl_protected_by_tso_1, ontoclasm_vaults_idyll,
          ontoclasm_vaults_claustrophobia, v_rooms_3,
          nicolae_vaults_little_squares_5, grunt_vaults_hallway_long,
          vaults_standard_mumra_x, nicolae_vaults_closet_pinwheel_1,
          nicolae_vaults_variable_pillar_hall_cross,
          nicolae_vaults_mini_display_case, vaults_dpeg_encased_lava,
          nicolae_vaults_six-pack, nicolae_vaults_closet_pinwheel_2,
          nicolae_vaults_little_squares_2, nicolae_vaults_little_squares_1,
          layout_vaults_ring, serial_shops, nicolae_shop_tiny_real_fake_doors,
          uniq_xtahua
Vaults:5: uniq_margery
Crypt:1:  layout_misc_corridors, special_room [special_room_morgue], uniq_grunn,
          uniq_sojobo
Crypt:2:  layout_misc_corridors, ebering_ghost_inner_flame,
          minmay_misc_feat_alley, uniq_boris
Crypt:3:  church_of_pain_bobbens, layout_chaotic_city
Depths:1: layout_basic, hellmouth_2, serial_shops, shop,
          hangedman_corner_corridor
Depths:2: cheibrodos_witchhunters_guild, layout_cave_shapes,
          grunt_dithmenos_smoke, grunt_pan_entry_in_and_out, hell_entry,
          hangedman_decor_peaks_small, infiniplex_staircase_squiggle
Depths:3: minmay_central_circle, layout_gridlike, enter_ziggurat_a,
          hangedman_abyss_entry_splay, hell_entry, cheibriados_altar_1,
          nrook_mini_vaults, st_stairs_7, uniq_vv
Depths:4: lemuel_castle_with_subvaults [lemuel_castle_interior_carwin_2],
          layout_cave_pools, pf_hell_entry_tar_spiral,
          abyss_entry_small_statue_room, nemelex_spade_bored_becter,
          serial_bayou_shore_b
Zot:1:    layout_misc_corridors, ebering_ghost_xom, skrybe_zot_glass_1
Zot:2:    kennysheep_spiral_hall, layout_gridlike, regret_index_zotdec_iron_s
Zot:3:    layout_gridlike, regret_index_zotdec_golden_two_three, door_vault,
          grunt_megastairs_3
Zot:4:    kennysheep_ambush_hall, layout_gridlike, hangedman_player_shredder,
          lemuel_elevator
Zot:5:    layout_basic

Skill      XL: |  1  2  3  4  5  6  7  8  9 10 11 12 13 14 15 16 17 18 19 20 21 22 23 24 25 26 27 |
---------------+----------------------------------------------------------------------------------+-----
Stealth        | 1 2 3 4 5 6 7 8 9 10 11 12 13 14 15 | 15.9
Dodging        | 2 3 4 5 6 7 8 9 10 11 12 13 15 17 19 20 22 | 22.0
Armour         | 1 2 3 4 5 6 8 9 16 | 16.7
Ranged Weapons | 4 5 6 8 10 12 13 14 15 16 17 18 20 | 20.0
Fighting       | 3 4 5 7 8 9 10 12 13 14 15 18 19 20 21 22 | 22.0
Invocations    | 1 2 3 4 5 6 7 8 9 10 11 12 13 17 | 17.4
Evocations     | 1 3 4 5 7 8 9 10 11 12 13 14 15 17 18 19 21 26 | 26.6
Translocations | 3 |  3.7
Spellcasting   | 2 |  2.8

Action                     |  1- 3 |  4- 6 |  7- 9 | 10-12 | 13-15 | 16-18 | 19-21 | 22-24 | 25-27 || total
---------------------------+-------+-------+-------+-------+-------+-------+-------+-------+-------++-------
  Melee: Unarmed           |       |       |       |       |       |       |    17 |    14 |       ||    31
   Fire: Sling             |   140 |   266 |   762 |  1838 |  1198 |   154 |       |       |       ||  4358
         Hand cannon       |       |       |       |       |  1170 |  1566 |  1978 |  2424 |  3754 || 10892
  Throw: Dart              |       |       |       |       |       |     4 |       |       |       ||     4
   Cast: Blink             |       |       |       |       |       |       |     2 |     9 |     5 ||    16
 Invoke: Heroism           |       |     1 |     1 |     6 |     6 |     6 |     5 |     7 |     6 ||    38
         Finesse           |       |       |       |     1 |       |     2 |     4 |     3 |     8 ||    18
         Receive Weapon    |       |       |       |       |     1 |       |       |       |       ||     1
         Receive Armour    |       |       |       |       |     1 |       |       |       |       ||     1
Ability: Evoke Invisibilit |       |       |       |       |     4 |     1 |       |       |       ||     5
         Invent Gizmo      |       |       |       |       |     1 |       |       |       |       ||     1
  Evoke: Wand              |       |       |     1 |    10 |       |       |       |     2 |       ||    13
         Phial of floods   |       |       |       |       |       |     1 |       |       |       ||     1
    Use: Scroll            |       |       |    10 |     5 |    17 |    12 |     2 |     2 |    10 ||    58
         Potion            |       |       |     1 |       |     1 |     1 |       |       |     5 ||     8
   Stab: Confused          |       |       |       |       |       |       |     4 |     4 |       ||     8
 Armour: Leather armour    |     3 |    51 |    24 |       |       |       |       |       |       ||    78
         Robe              |       |       |    88 |   218 |   217 |       |       |       |       ||   523
         Acid dragon scale |       |       |       |       |    29 |   397 |   356 |   358 |   403 ||  1543
         Skin              |       |       |       |       |       |       |     3 |     5 |       ||     8
  Dodge: Dodged            |     3 |    44 |   133 |   302 |   361 |   487 |   557 |   744 |   871 ||  3502

Table legend: (Time is in decaauts)
 A = Elapsed time spent in this place.
 B = Non-inter-level travel time spent in this place.
 C = Inter-level travel time spent in this place.
 D = Time resting spent in this place.
 E = Time spent auto-exploring this place.
 F = Levels seen in this place.
 G = Mean time per level.
                   A        B        C        D        E       F      G
               +--------+--------+--------+--------+--------+-----+--------+
         Total |  79587 |  66654 |  12933 |   8491 |  45056 |  59 | 1348.9 |
       Dungeon |  17660 |  14265 |   3395 |    734 |  11189 |  15 | 1177.3 |
        Temple |     34 |      2 |     32 |      0 |      0 |   1 |   34.0 |
          Lair |   9451 |   8243 |   1208 |   1919 |   4583 |   5 | 1890.2 |
        Shoals |   5095 |   4302 |    793 |    413 |   3234 |   4 | 1273.8 |
     Snake Pit |   4601 |   4213 |    388 |     40 |   3548 |   4 | 1150.2 |
  Orcish Mines |   1797 |   1530 |    267 |    281 |    815 |   2 |  898.5 |
   Elven Halls |   5912 |   4628 |   1284 |    711 |   3106 |   3 | 1970.7 |
        Vaults |  11204 |   8453 |   2751 |    596 |   5941 |   5 | 2240.8 |
         Crypt |   4499 |   4037 |    462 |    778 |   2337 |   3 | 1499.7 |
        Depths |   8351 |   6927 |   1424 |   1504 |   3924 |   4 | 2087.8 |
           Zot |   8350 |   7423 |    927 |    645 |   5768 |   5 | 1670.0 |
        Bazaar |    231 |    231 |      0 |      0 |    147 |   3 |   77.0 |
         Sewer |    180 |    180 |      0 |      0 |    137 |   1 |  180.0 |
       Ossuary |    259 |    259 |      0 |      0 |     13 |   1 |  259.0 |
        Bailey |    206 |    206 |      0 |      0 |     82 |   1 |  206.0 |
      Ice Cave |    133 |    133 |      0 |     59 |      0 |   1 |  133.0 |
      Gauntlet |   1617 |   1617 |      0 |    808 |    231 |   1 | 1617.0 |
               +--------+--------+--------+--------+--------+-----+--------+

Top non-repeatable levels by time:
   Zot:5: 3068 daAuts
Depths:2: 2808 daAuts
Vaults:5: 2532 daAuts
   Elf:1: 2528 daAuts
Vaults:3: 2478 daAuts
Vaults:1: 2335 daAuts
 Snake:4: 2192 daAuts
 Crypt:1: 2190 daAuts
  Lair:2: 2146 daAuts
Depths:1: 2140 daAuts
  Lair:5: 2094 daAuts
  Lair:4: 2028 daAuts
Vaults:4: 2014 daAuts
Vaults:2: 1843 daAuts
Depths:3: 1837 daAuts
